 Dungeon Crawl Stone Soup version 0.26-a0-79-g47e9afce7f (webtiles) character file.

Game seed: 575037310724322543

16 bmfx the Firebug (level 2, -2/13 HPs)
             Began as a Vine Stalker Fire Elementalist on June 16, 2020.
             Killed from afar by Natasha (5 damage)
             ... with a magic dart
             ... on level 2 of the Dungeon.
             The game lasted 00:02:42 (1055 turns).

bmfx the Firebug (Vine Stalker Fire Elementalist)   Turns: 1055, Time: 00:02:42

Health: -2/13      AC:  2    Str: 10    XL:     2   Next: 58%
Magic:  0/6        EV: 12    Int: 15    God:
Gold:   3          SH:  0    Dex: 14    Spells: 4/5 levels left

rFire    . . .     SeeInvis .   e - +0 dagger
rCold    . . .     Gourm    .   (no shield)
rNeg     . . .     Faith    .   a - +0 robe
rPois    .         Spirit   +   (no helmet)
rElec    .         Reflect  .   (no cloak)
rCorr    .         Harm     .   (no gloves)
MR       .....                  (no boots)
Stlth    ++........             (no amulet)
HPRegen  0.04/turn              (no ring)
MPRegen  0.10/turn              (no ring)

@: no status effects
A: fangs 2, magic shield, antimagic bite, no potion heal 3, rot immunity
a: no special abilities


You were on level 2 of the Dungeon.
You were not hungry.

You visited 1 branch of the dungeon, and saw 2 of its levels.

You collected 3 gold pieces.


Innate Abilities, Weirdness & Mutations

You have extremely sharp teeth.
When hurt, damage is shared between your health and your magic reserves.
Your bite disrupts and absorbs the magic of your enemies.
Potions cannot restore your health.
You are immune to rotting.

Dungeon Overview and Level Annotations

Branches:
Dungeon (2/15)

Altars:

Annotations:
D:2 exclusions: adder, frilled lizard and 1 more exclusion, Natasha


   Skills:
 - Level 1.5 Dodging
 - Level 2.4 Stealth
 + Level 2.4 Spellcasting
 * Level 1.9 Conjurations
 + Level 3.2 Fire Magic


You had 4 spell levels left.
You knew the following spells:

 Your Spells              Type           Power        Failure   Level  Hunger
A - Foxfire               Conj/Fire      #...         8%          1    #......

Your spell library contained the following spells:

 Spells                   Type           Power        Failure   Level  Hunger
 Conjure Flame            Conj/Fire      #.......     22%         3    ###....
 Inner Flame              Hex/Fire       #.......     32%         3    ###....
 Sticky Flame             Conj/Fire      #.......     58%         4    #####..
 Fireball                 Conj/Fire      #.........   90%         5    ######.

Action                   || total
-------------------------++-------
 Cast: Foxfire           ||    29
  Eat: Chunk             ||     1
Armor: Robe              ||     1
Dodge: Dodged            ||     2

Inventory:

Hand Weapons
 e - a +0 dagger (weapon)
Armour
 a - a +0 robe (worn)
Jewellery
 b - an uncursed ring of see invisible {unknown}
Scrolls
 d - a scroll of identify {unknown}
 j - 3 scrolls of enchant weapon {unknown}
 k - a scroll of noise {unknown}
 l - a scroll of enchant armour {unknown}
Potions
 f - a potion of heal wounds {unknown}
 g - a potion of resistance {unknown}
 h - 2 potions of degeneration {unknown}
 i - a potion of mutation {unknown}
Comestibles
 c - 6 rations

##...## #.##.#.#####
##....>###......#
#.......#####.### #+ #.......#
#.# ... #.......# ###.#######
.... #.....# #.........# .....
###.....# #....#.##.#
......###.......####.......#.#
....5.h......@<.........รท.....
..>...###....#######.......#.#
..... #.#.## #......##.# ....
#.### #.........# ..h #.#
#####.##### #+ #.# #.# #.# #.#
## #.# #.# ##. #.# #.###.#


You could see Natasha.

Vanquished Creatures
  A leopard gecko (D:1)
  2 giant cockroaches
  2 hobgoblins (D:1)
  4 bats
  A frilled lizard (D:1)
  2 kobolds (D:1)
  3 rats (D:1)
15 creatures vanquished.

Vanquished Creatures (collateral kills)
  A goblin (D:2)
  A frilled lizard (D:1)
2 creatures vanquished.

Vanquished Creatures (others)
  35 foxfires
35 creatures vanquished.

Grand Total: 52 creatures vanquished

Levels and vault maps discovered:
D:1:      eino_arrival_cavern_a, layout_rooms, chequers_serial_rivers_large_a,
          hangedman_decor_push, amethyst_killhole
D:2:      minmay_razor_zed, layout_loops_corners, grunt_temple_overflow_open,
          uniq_natasha


Message History

Your foxfire dissipates! x2
You start resting.
Magic restored.
There is a stone staircase leading up here.
j - 3 scrolls labeled LAOLEB CE HILI As you open the door, it creaks loudly!
Natasha, Servant of Life and Death comes into view.
Natasha hisses angrily.
Natasha casts a spell at you. The magic dart hits you.
Found a stone staircase leading down.
You close the door.
Natasha opens the door.
Natasha casts a spell.
Natasha casts a spell at you. The magic dart hits you!
* * * LOW HITPOINT WARNING * * *
Natasha stares at you and mumbles some strange words.
The magic dart hits you.
You die...

Notes
Turn   | Place    | Note
-------+----------+-------------------------------------------
     0 | D:1      | bmfx the Vine Stalker Fire Elementalist began the quest for
                  | the Orb.
     0 | D:1      | Reached XP level 1. HP: 9/9 MP: 4/4
   264 | D:1      | Reached XP level 2. HP: 13/13 MP: 3/6
  1048 | D:2      | Noticed Natasha
  1053 | D:2      | Noticed a crimson imp
  1055 | D:2      | Killed from afar by Natasha
